 Dungeon Crawl Stone Soup version 0.31-a0-1612-g4aaf141004 (webtiles) character file.

Game seed: 8202949364200862823

8535 gelatine the Cleaver (level 11, -3/83 HPs)
             Began as a Demonspawn Fighter on Jan 10, 2024.
             Slain by a death yak (20 damage)
             ... on level 1 of the Lair of Beasts.
             The game lasted 00:21:19 (8430 turns).

gelatine the Cleaver (Demonspawn Fighter)           Turns: 8430, Time: 00:21:20

Health: -3/83      AC: 14    Str: 21    XL:     11   Next: 11%
Magic:  11/11      EV: 12    Int:  9    God:
Gold:   1103       SH:  5    Dex: 12    Spells: 10/10 levels left

rFire   + . .        d - +2 war axe (elec)
rCold   . . .        c - +0 buckler
rNeg    . . .        F - +0 ring mail
rPois   +            E - +1 helmet
rElec   .            (no cloak)
rCorr   .            I - +0 pair of gloves
SInv    .            (no boots)
Will    +....        M - amulet of regeneration
Stlth   +            p - ring of poison resistance
HPRegen 1.13/turn    Q - ring of willpower
MPRegen 0.12/turn

%: no passive effects
@: no status effects
A: claws 1, molten scales 3, powered by pain 2, spiny 1
a: no special abilities


You were on level 1 of the Lair of Beasts.
You visited 3 branches of the dungeon, and saw 11 of its levels.
You also visited: Sewer.

You collected 1103 gold pieces.

Inventory:

Hand Weapons
 a - a +0 war axe
 d - a +2 war axe of electrocution (weapon)
 r - a +0 hand axe
 B - the +9 hand axe of Ofimotu {vamp, Str-5 Dex-4 SInv Stlth+}
   (You found it on level 4 of the Dungeon)

   Str-5:     It affects your strength (-5).
   Dex-4:     It affects your dexterity (-4).
   SInv:      It lets you see invisible.
   Stlth+:    It makes you more stealthy.
Missiles
 W - 5 boomerangs (quivered)
Armour
 b - a +0 scale mail
 c - a +0 buckler (worn)
 E - a +1 helmet (worn)
 F - a +0 ring mail (worn)
 I - a +0 pair of gloves (worn)
Jewellery
 f - a +6 ring of intelligence
 p - a ring of poison resistance (left hand)
 s - the ring "Jadd" {*Slow Will+ Str+6 Int+4}
   (You found it on level 3 of the Dungeon)

   [ring of willpower]

   Str+6:     It affects your strength (+6).
   Int+4:     It affects your intelligence (+4).
   Will+:     It increases your willpower.
   *Slow:     It may slow you when you take damage.
 A - a ring of see invisible
 L - a ring of protection from fire
 M - an amulet of regeneration (around neck)
 P - a ring of fire
 Q - a ring of willpower (right hand)
 U - a +6 ring of intelligence
Wands
 y - a wand of polymorph (12)
 C - a wand of roots (13)
 G - a wand of paralysis (7)
 N - a wand of light (9)
 T - a wand of digging (6)
Scrolls
 e - 7 scrolls of teleportation
 g - 2 scrolls of poison
 k - 2 scrolls of vulnerability {unknown}
 l - a scroll of revelation {unknown}
 m - a scroll of fog {unknown}
 o - 4 scrolls of amnesia {unknown}
 u - a scroll of brand weapon {unknown}
 v - 4 scrolls of enchant weapon {unknown}
 D - 2 scrolls of noise {unknown}
 J - a scroll of butterflies {unknown}
 K - a scroll of fear {unknown}
 R - a scroll of blinking {unknown}
 S - a scroll of torment {unknown}
 V - a scroll of acquirement {unknown}
Potions
 h - a potion of resistance
 i - 3 potions of curing
 j - 3 potions of attraction
 n - a potion of invisibility
 t - 3 potions of mutation
 w - 3 potions of haste
 x - 3 potions of degeneration
 z - 2 potions of berserk rage
 H - 5 potions of enlightenment
 O - a potion of magic {unknown}


   Skills:
 + Level 6.8 Fighting
 + Level 9.2 Axes
 + Level 0.6 Throwing
 + Level 7.2 Armour
 + Level 5.9 Dodging
 + Level 1.2 Stealth
 + Level 5.5 Shields
 * Level 6.0 Evocations


You had 10 spell levels left.
You didn't know any spells.
Your spell library contained the following spells:

 Spells                   Type           Power      Damage    Failure   Level
 Foxfire                  Conj/Fire      0%         2x1d4     58%         1
 Call Canine Familiar     Summ           0%         N/A       92%         3
 Sigil of Binding         Hex            0%         N/A       92%         3
 Dimensional Bullseye     Hex/Tloc       0%         N/A       100%        4
 Plasma Beam              Fire/Air       0%         2x1d10    100%        6
 Starburst                Conj/Fire      0%         6d3       100%        6


Dungeon Overview and Level Annotations

Branches:
Dungeon (9/15)             Temple (1/1) D:4            Lair (1/5) D:8
  Sewer (visited)
    Orc: D:9-12

Altars:
Ashenzari
Cheibriados
Dithmenos
Fedhas
Gozag
Hepliaklqana
Kikubaaqudgha
Makhleb
Nemelex Xobeh
Okawaru
Qazlal
Ru
Sif Muna
Trog
Uskayaw
Vehumet
Wu Jian
Xom
Yredelemnul

Shops:
D:9 (

Annotations:
D:6 2 runed translucent doors, Curundu's ghost, novice MiBe


Innate Abilities, Weirdness & Mutations

You have sharp fingernails.
You are completely covered in molten scales. (AC +4, rF+)
You sometimes gain power by taking damage.
You are partially covered in sharp spines.


Message History

Roots grab the death yak.
The grasping roots constrict the death yak. x2
You hear a bellow! x2
The death yak is struck by your spines.
The death yak gores you but does no damage. x2
The grasping roots constrict the death yak! x2
The death yak struggles to escape constriction. x2
The grasping roots constrict the death yak!
The grasping roots constrict the death yak.
The roots release their grip on the death yak. x2
A yak comes into view.
The rime drake breathes ice at you. The icy flash freeze hits you!
You are encased in ice.
The yak moves out of view.
The ice encasing you melts away.
A yak comes into view.
The yak moves out of view.
A yak comes into view.
The yak moves out of view.
The death yak attacks as it pursues you!
The death yak gores you but does no damage.
The death yak attacks as it pursues you!
The death yak gores you.
The death yak attacks as it pursues you!
The death yak gores you!
The death yak attacks as it pursues you!
The death yak gores you but does no damage.
The death yak attacks as it pursues you!
The death yak gores you!
The death yak attacks as it pursues you!
The death yak barely misses you.
The death yak attacks as it pursues you!
The death yak gores you!!
The death yak attacks as it pursues you!
The death yak gores you!!
* * * LOW HITPOINT WARNING * * *
The death yak attacks as it pursues you!
The death yak gores you!!
You die...

...YY...........#.#.P.........#..
#.#.#...#.#...#...#.#............
#.#.#...#.Y.....#.#...#.....P....
#...P......Y..#.......#.......#..
#........Y....#.#.#.#..#......#..
#.........#..Y..#.#.#.##.##......
#.......#.......P.# #....##.#.#..
....#...#.....PYP.#...#..P#......
#...#...#.#...P.@.#.#.##.##......
#.......#.#.#.#...#...##.#..#...†
#...#...............#.##.^......<
#.......#.P.#..^....#.##..#.#....
#...P.....#.#.......#.##..#...#.#
#...#...#...........#.##.#....#.#
#...#...P.#.#.......#.##.##.#.#.#
.................................
## ..#.###.#####.###...######.###


You could see 4 death yaks and a yak.

Vanquished Creatures
  2 two-headed ogres
  2 cane toads (Lair:1)
  2 komodo dragons (Lair:1)
  A troll (D:9)
  A polar bear (Lair:1)
  Grinder (D:6)
  A hornet (D:9)
  Sigmund (D:4)
  2 wyverns (D:9)
  9 yaks
  A basilisk (Lair:1)
  An acid dragon (D:9)
  3 water moccasins
  3 orc warriors
  2 black bears
  An ogre (D:5)
  2 wolves (D:8)
  A centaur (D:9)
  A phantom (D:6)
  A kobold brigand (D:7)
  A brain worm (Sewer)
  2 bullfrogs
  4 scorpions
  7 wights
  6 killer bees (D:7)
  4 howler monkeys (D:8)
  A bombardier beetle (D:4)
  3 hounds
  2 jellies
  2 gnoll boudas (D:7)
  7 orc priests
  Jessica (D:3)
  2 iguanas
  4 orc wizards
  10 gnolls
  8 river rats (D:5)
  10 adders
  2 shadow imps (D:6)
  A white imp (D:6)
  4 dart slugs
  3 ribbon worms
  26 orcs
  2 endoplasms (D:2)
  3 giant cockroaches
  3 goblins
  5 hobgoblins
  13 jackals
  5 quokkas
  7 ball pythons
  14 bats
  7 frilled lizards
  9 kobolds
  7 rats
223 creatures vanquished.

Notes
Turn   | Place    | Note
-------+----------+-------------------------------------------
     0 | D:1      | gelatine the Demonspawn Fighter began the quest for the
                  | Orb.
     0 | D:1      | Reached XP level 1. HP: 18/18 MP: 1/1
    91 | D:1      | Gained mutation: You are partially covered in molten
                  | scales. (AC +2) [demonic ancestry]
    91 | D:1      | Reached XP level 2. HP: 17/24 MP: 2/2
   631 | D:1      | Reached skill level 2 in Axes
   959 | D:2      | Gained mutation: You are mostly covered in molten scales.
                  | (AC +3) [demonic ancestry]
   959 | D:2      | Reached XP level 3. HP: 25/29 MP: 3/3
  1129 | D:2      | Found a faded altar of an unknown god.
  1375 | D:3      | Gained mutation: You are partially covered in sharp spines.
                  | [demonic ancestry]
  1375 | D:3      | Reached XP level 4. HP: 17/37 MP: 4/4
  1460 | D:3      | Identified the ring "Jadd" {*Slow Will+ Str+6 Int+4}
  1556 | D:3      | Found a snail-covered altar of Cheibriados.
  1558 | D:3      | Found a shimmering blue altar of Sif Muna.
  1921 | D:3      | Reached skill level 1 in Dodging
  1989 | D:3      | Noticed Jessica
  1994 | D:3      | Killed Jessica
  1995 | D:3      | Reached XP level 5. HP: 42/42 MP: 5/5
  2367 | D:4      | Reached skill level 3 in Axes
  2650 | D:4      | Identified the +9 hand axe of Ofimotu {vamp, Str-5 Dex-4
                  | SInv Stlth+}
  2879 | D:4      | Found a staircase to the Ecumenical Temple.
  2887 | Temple   | Entered the Ecumenical Temple
  2928 | D:4      | Noticed Sigmund
  2942 | D:4      | Killed Sigmund
  2943 | D:4      | Reached skill level 4 in Axes
  2943 | D:4      | Reached XP level 6. HP: 43/48 MP: 6/6
  3194 | D:5      | Entered Level 5 of the Dungeon
  3315 | D:5      | Gained mutation: You sometimes gain a little power by
                  | taking damage. [demonic ancestry]
  3315 | D:5      | Reached XP level 7. HP: 33/55 MP: 7/7
  3604 | D:5      | Found a glowing drain.
  3612 | Sewer    | Entered a sewer
  3931 | Sewer    | Reached skill level 5 in Axes
  4413 | D:5      | Reached skill level 5 in Armour
  4413 | D:5      | Gained mutation: You are completely covered in molten
                  | scales. (AC +4, rF+) [demonic ancestry]
  4413 | D:5      | Reached XP level 8. HP: 51/61 MP: 8/8
  4678 | D:6      | Found a sacrificial altar of Ru.
  4734 | D:6      | Noticed Grinder
  4745 | D:6      | Paralysed by Grinder for 5 turns
  4753 | D:6      | Paralysed by Grinder for 2 turns
  4758 | D:6      | Killed Grinder
  5010 | D:6      | Found a large runed translucent door.
  5010 | D:6      | Found a large runed translucent door.
  5011 | D:6      | Noticed Curundu's ghost (novice MiBe)
  5151 | D:6      | Reached skill level 6 in Axes
  5281 | D:6      | Reached skill level 5 in Fighting
  5531 | D:6      | Reached skill level 1 in Stealth
  5531 | D:6      | Reached skill level 1 in Evocations
  5803 | D:7      | Gained mutation: You have sharp fingernails. [demonic
                  | ancestry]
  5803 | D:7      | Reached XP level 9. HP: 67/68 MP: 9/9
  6036 | D:7      | Identified the +3 rapier of Magnificence {flame, rC+}
  6111 | D:7      | Reached skill level 7 in Axes
  6277 | D:7      | Found an ancient bone altar of Kikubaaqudgha.
  6427 | D:8      | HP: 2/68 [orc priest/divine providence (12)]
  6610 | D:8      | Found a staircase to the Lair.
  6658 | D:8      | Noticed a two-headed ogre
  6664 | D:8      | Killed a two-headed ogre
  6665 | D:8      | Reached skill level 5 in Dodging
  6665 | D:8      | Reached skill level 5 in Shields
  7123 | D:8      | Reached XP level 10. HP: 39/76 MP: 10/10
  7210 | D:9      | Reached skill level 8 in Axes
  7235 | D:9      | Noticed a two-headed ogre
  7244 | D:9      | Killed a two-headed ogre
  7543 | D:9      | Reached skill level 5 in Evocations
  7760 | D:9      | Found Dini's Weapon Boutique.
  8005 | Lair:1   | Entered Level 1 of the Lair of Beasts
  8022 | Lair:1   | Noticed a cane toad
  8036 | Lair:1   | Killed a cane toad
  8119 | Lair:1   | Reached skill level 9 in Axes
  8220 | D:8      | Gained mutation: You sometimes gain power by taking damage.
                  | [demonic ancestry]
  8220 | D:8      | Reached XP level 11. HP: 77/83 MP: 11/11
  8387 | Lair:1   | Noticed a death yak
  8390 | Lair:1   | Noticed a death yak
  8394 | Lair:1   | Noticed a death yak
  8394 | Lair:1   | Noticed a death yak
  8430 | Lair:1   | Slain by a death yak

Illustrated notes

Levels and vault maps discovered:
D:1:      nicolae_arrival_washed_ashore, layout_loops_corners, serial_glass,
          glass_columns_c, glass_columns_a, glass_columns_b, glass_columns_c,
          glass_columns_a, glass_columns_b, glass_columns_a, glass_columns_c,
          glass_columns_c, glass_columns_a, glass_columns_b, glass_columns_a,
          glass_columns_a, glass_columns_c, feat_on_display
D:2:      layout_rooms, chequers_ecumenical_altar_simple
D:3:      layout_loops_cross, jmf_multi_god_temple, uniq_jessica
D:4:      layout_gridville, minmay_temple_entry_overgrown, st_stairs_8,
          uniq_sigmund
D:5:      layout_rooms, lightli_sewer_entry_pipes
D:6:      layout_gridville, nicolae_ru_path_of_blood,
          ebering_ghost_disaster_area, skrybe_limestone_x,
          chequers_serial_rivers_marsh, uniq_grinder
D:7:      layout_cave_pools, general_overflow_altar, lightli_orcish_oven
D:8:      layout_loops_cross, erik_lair_orcish_takeover,
          nicolae_straight_to_the_point
D:9:      layout_loops_ring, serial_shops, shop
Temple:   mainiacjoe_temple_bowtie_tessellation
Lair:1:   layout_long_grid, lemuel_centaur_altar

Skill      XL: |  1  2  3  4  5  6  7  8  9 10 11 |
---------------+----------------------------------+-----
Armour         | 3 4 5 6 7 |  7.2
Axes           | 2 4 5 6 7 9 |  9.2
Shields        | 3 4 5 |  5.5
Dodging        | 1 2 4 5 |  5.9
Fighting       | 4 5 6 |  6.8
Stealth        | 1 |  1.2
Evocations     | 2 4 5 6 |  6.0
Throwing       | |  0.6

Action                     |  1- 3 |  4- 6 |  7- 9 | 10-12 || total
---------------------------+-------+-------+-------+-------++-------
  Melee: War axe           |   164 |       |    22 |   105 ||   291
         Hand axe          |       |    80 |   415 |       ||   495
  Throw: Boomerang         |       |       |       |     8 ||     8
  Evoke: Wand              |       |       |       |     3 ||     3
    Use: Potion            |       |     1 |     5 |     1 ||     7
         Scroll            |       |       |     9 |       ||     9
 Armour: Scale mail        |   138 |    57 |       |       ||   195
         Ring mail         |       |     5 |   282 |   152 ||   439
  Dodge: Dodged            |    92 |    23 |   260 |    84 ||   459
  Block: Buckler           |    37 |    13 |   137 |    30 ||   217

Table legend: (Time is in decaauts)
 A = Elapsed time spent in this place.
 B = Non-inter-level travel time spent in this place.
 C = Inter-level travel time spent in this place.
 D = Time resting spent in this place.
 E = Time spent auto-exploring this place.
 F = Levels seen in this place.
 G = Mean time per level.
                   A        B        C        D        E       F      G
               +--------+--------+--------+--------+--------+-----+--------+
         Total |   8779 |   8395 |    384 |      0 |   6385 |  12 |  731.6 |
       Dungeon |   7596 |   7213 |    383 |      0 |   5543 |   9 |  844.0 |
        Temple |      1 |      1 |      0 |      0 |      0 |   1 |    1.0 |
          Lair |    402 |    402 |      0 |      0 |    258 |   1 |  402.0 |
         Sewer |    779 |    779 |      0 |      0 |    583 |   1 |  779.0 |
               +--------+--------+--------+--------+--------+-----+--------+

Top non-repeatable levels by time:
     D:6: 1076 daAuts
     D:8: 1012 daAuts
     D:4: 982 daAuts
     D:1: 956 daAuts
     D:3: 868 daAuts
     D:5: 860 daAuts
   Sewer: 779 daAuts
     D:9: 726 daAuts
     D:7: 647 daAuts
     D:2: 466 daAuts
  Lair:1: 402 daAuts
  Temple: 1 daAuts
